[Event "Reykjavik Open 2024"]
[Site "Reykjavik"]
[Date "2024.03.16"]
[Round "2.19"]
[White "Gislason, Gudmundur"]
[Black "Steingrimsson, Hedinn"]
[Result "0-1"]
[ECO "A33"]
[WhiteElo "2266"]
[BlackElo "2477"]
[Annotator "TA"]
[PlyCount "80"]
[EventDate "2024.03.12"]
[EventCountry "ISL"]
[SourceTitle "playchess.com"]
[Source "ChessBase"]
[SourceQuality "1"]
[TimeControl "40/5400+30:1800+30"]

1. Nf3 c5 2. c4 Nc6 3. d4 cxd4 4. Nxd4 Nf6 5. Nc3 e6 6. e3 Bb4 7. Ndb5 Ne4 8. Qg4 (8. Bd2 $11 Nf6 9. a3) 8... Nxc3 $15 9. bxc3 {[%emt 0:00:24] Schwarz steht etwas besser.} Qf6 10. Rb1 Bxc3+ 11. Kd1 h5 12. Qg3 Be5 13. f4 Bb8 14. Ba3 e5 15. Qe1 (15. Bd3 $11) 15... d6 {[%emt 0:03:51] ...0-0 wäre nun fies.} 16. Qd2 ({Vorzuziehen ist} 16. Nc3 $15) 16... O-O ({Besser ist} 16... exf4 {Zielt auf ...Bf5 ab.} 17. exf4 Bf5) 17. Kc1 $2 (17. Nc3 $17) 17... exf4 $19 18. exf4 Rd8 19. g3 Bf5 {[%emt 0:00:34] ...d5 ist eine echte Drohung.} 20. Bd3 d5 21. c5 b6 22. Rd1 Bg4 23. Re1 a6 24. Nc3 bxc5 {[%emt 0:01:00] Und ...Bc7 würde nun gewinnen.} 25. Bc2 Ba7 (25... Bc7 $142 26. Nxd5 Qh6 (26... Qd6 $2 27. Qd3 $19)) 26. Nxd5 Qd6 {[%emt 0:01:01] [#]} (26... Qh6 $1 $19 27. Rb7 Be6) 27. Qd3 {[%emt 0:00:34] [#] Pariert Bf3.} (27. Rb7 $1 $11 Qh6 (27... Qxd5 $2 {ist das falsche Schlagen.} 28. Re8+ Rxe8 29. Qxd5 $16) (27... Nd4 28. Qxd4) 28. Rc7) 27... g6 {[%emt 0:00:02] Das Brett brennt.} ({Schwächer ist} 27... Qxd5 28. Qh7+ Kf8 29. Qh8#) (27... Qh6 $142 $1 {Weiss muss nun ...Be6 beachten.} 28. Qe4 Nd4 29. Ne7+ Kh8) 28. Ne7+ $17 Nxe7 29. Qxd6 Rxd6 30. Rxe7 Bb6 $36 {[%emt 0:01:55][%mdl 2048] Schwarz hat Druck.} 31. Rb7 Ba5 {[%emt 0:00:18] Und jetzt ...Re8 wäre schön.} 32. Bxc5 Bd2+ 33. Kb2 Rd5 34. Bb4 {[%emt 0:00:40] [#]} (34. Be7 $11) 34... Bxb4 $1 $19 35. Rxb4 Rd2 36. Kc3 (36. Kc1 {war einen Versuch wert.} Rxh2 37. Rc4) 36... Rxh2 {[%emt 0:00:03] Droht stark ...Rc8+.} 37. Rb8+ Rxb8 38. Rxb8+ Kg7 39. Ra8 $2 (39. Bb3) 39... Rh3 40. Rxa6 h4 {[%emt 0:00:42] Gewichteter Fehlerwert: Weiß=0.52/Schwarz=0.28 (präzise) .  Verlustzug:     	Weiß=1     	---        Gewinn verpasst:   	---       	Schwarz=1     Fehler:       	Weiß=7     	Schwarz=3     Ungenau:       	Weiß=3     	Schwarz=4     OK:         	Weiß=4     	Schwarz=15    Bester:       	Weiß=5     	Schwarz=2     Stark:        	---       	Schwarz=1} 0-1

[Event "Reykjavik Open 2024"]
[Site "Reykjavik"]
[Date "2024.03.16"]
[Round "2.20"]
[White "Zhu, Jiner"]
[Black "Large, Peter G"]
[Result "0-1"]
[ECO "C45"]
[WhiteElo "2467"]
[BlackElo "2262"]
[Annotator "TA"]
[PlyCount "80"]
[EventDate "2024.03.12"]
[EventCountry "ISL"]
[SourceTitle "playchess.com"]
[Source "ChessBase"]
[SourceQuality "1"]
[TimeControl "40/5400+30:1800+30"]

1. e4 e5 2. Nf3 Nc6 3. Bc4 g6 4. d4 exd4 5. Nxd4 Bg7 6. Nxc6 bxc6 7. O-O Nh6 8. Nc3 {[%emt 0:01:50] Weiß steht besser.} O-O 9. Bf4 d6 10. h3 {[%emt 0:01:57] [#] Pariert Ng4. Und jetzt Qc1 wäre schön.} Be6 11. Bb3 {[%emt 0:01:12] Zielt auf Qd2 ab.} Kh8 12. Qe2 Qc8 13. Rad1 f6 14. Be3 a5 15. Qd2 Ng8 16. f4 Ne7 17. Rde1 c5 {[%emt 0:04:28] [#]} 18. f5 $1 Bf7 (18... Bxb3 19. axb3) 19. Bxf7 Rxf7 20. Nd5 gxf5 21. Bh6 (21. Nxe7 $14 Rxe7 22. exf5 (22. Rxf5 Qb7 $11)) 21... Bxh6 $11 22. Qxh6 {[%emt 0:00:05] Droht Nxe7 und aus.} Nxd5 23. exd5 Qb7 $1 24. Rxf5 (24. Qc1 {vereinfacht} Qxd5 25. c4 Qc6 26. Rxf5 Re8 27. Rxe8+ Qxe8 28. Qc3) 24... Qxb2 25. Re6 (25. Qh5 $11 Qxc2 26. Qxf7 Qxf5 27. Re6) 25... Qxa2 26. Rexf6 Qa1+ 27. Rf1 $2 {[%emt 0:00:14][%mdl 8192] Verliert die Partie.} (27. Kh2 $17 Rxf6 28. Rxf6 (28. Qxf6+ $2 {verliert.} Qxf6 29. Rxf6 Kg7 $19) 28... Qe5+ 29. Kg1) 27... Rxf6 $19 {[%emt 0:01:53] Schwarz steht klar auf Gewinn.} 28. Qxf6+ Qxf6 29. Rxf6 {[%emt 0:00:04][%mdl 4096] Endspiel. KR-KR} a4 30. Rf1 Kg7 31. Ra1 Kf6 32. Kf2 Ke5 33. Ke3 Kxd5 34. Kd3 a3 35. c4+ Ke5 36. Ra2 Kf4 37. Kc3 Kg3 38. Kd3 Ra4 39. Kc3 h5 40. Kb3 Ra8 {[%emt 0:00:22] Gewichteter Fehlerwert: Weiß=0.34/Schwarz=0.05 (makellos) .  Verlustzug:     	Weiß=1     	---        Fehler:       	Weiß=2     	---        Ungenau:       	Weiß=1     	Schwarz=3     OK:         	Weiß=5     	Schwarz=8     Bester:       	---       	Schwarz=3     Stark:        	---       	Schwarz=1} 0-1

[Event "Reykjavik Open 2024"]
[Site "Reykjavik"]
[Date "2024.03.16"]
[Round "2.21"]
[White "Stefansson, Vignir Vatnar"]
[Black "Kunz, Andre"]
[Result "*"]
[ECO "B42"]
[WhiteElo "2464"]
[BlackElo "2197"]
[Annotator "RC"]
[PlyCount "47"]
[EventDate "2024.03.12"]
[EventCountry "ISL"]
[SourceTitle "playchess.com"]
[Source "ChessBase"]
[SourceQuality "1"]
[TimeControl "40/5400+30:1800+30"]

1. e4 c5 2. Nf3 e6 3. d4 cxd4 4. Nxd4 a6 5. Bd3 g6 6. O-O Bg7 7. c3 Ne7 8. Be3 d5 9. Nd2 O-O 10. Qc2 dxe4 11. Nxe4 Nd5 12. Bg5 Qc7 13. Rfd1 f5 14. Ng3 f4 15. Ne4 h6 16. Bh4 Bxd4 17. cxd4 Qxc2 18. Bxc2 g5 19. Nxg5 hxg5 20. Bxg5 Kg7 21. h4 Rh8 22. Be4 Nc6 23. Bf3 Bd7 24. h5 *

[Event "Reykjavik Open 2024"]
[Site "Reykjavik"]
[Date "2024.03.16"]
[Round "2.21"]
[White "Birkisson, Bardur Orn"]
[Black "Kunz, Andre"]
[Result "0-1"]
[ECO "B42"]
[WhiteElo "2189"]
[BlackElo "2197"]
[Annotator "RC"]
[PlyCount "80"]
[EventDate "2024.03.12"]
[EventCountry "ISL"]
[SourceTitle "playchess.com"]
[Source "ChessBase"]
[SourceQuality "1"]
[TimeControl "40/5400+30:1800+30"]

1. e4 c5 2. Nf3 e6 3. d4 cxd4 4. Nxd4 a6 5. Bd3 g6 6. O-O Bg7 7. c3 Ne7 8. Be3 d5 9. Nd2 O-O 10. Qc2 dxe4 11. Nxe4 Nd5 12. Bg5 Qc7 13. Rfd1 f5 14. Ng3 f4 15. Ne4 h6 16. Bh4 Bxd4 17. cxd4 Qxc2 18. Bxc2 g5 19. Nxg5 hxg5 20. Bxg5 Kg7 21. h4 Rh8 22. Be4 Nc6 23. Bf3 Bd7 24. h5 Raf8 25. Bg4 Nf6 26. Bxf6+ Kxf6 27. Rac1 Rfg8 28. f3 Nb4 29. d5 Nxd5 30. Rxd5 exd5 31. Bxd7 Rxh5 32. Bg4 Re5 33. Kf2 Rge8 34. Rc2 Re1 35. Bc8 d4 36. Bxb7 d3 37. Rc6+ Kg5 38. Rc5+ Kh4 39. Be4 d2 40. Bg6 R8e2# 0-1

[Event "Reykjavik Open 2024"]
[Site "Reykjavik"]
[Date "2024.03.16"]
[Round "2.22"]
[White "Stefansson, Vignir Vatnar"]
[Black "Karamsetty, Jeevan"]
[Result "1-0"]
[ECO "D30"]
[WhiteElo "2464"]
[BlackElo "2187"]
[Annotator "TA"]
[PlyCount "77"]
[EventDate "2024.03.12"]
[EventCountry "ISL"]
[SourceTitle "playchess.com"]
[Source "ChessBase"]
[SourceQuality "1"]
[TimeControl "40/5400+30:1800+30"]

1. d4 d5 2. c4 e6 3. Nf3 c5 4. cxd5 exd5 5. g3 Nc6 6. Bg2 Nf6 7. O-O Be7 8. dxc5 Bxc5 9. Qc2 Bb6 10. Nc3 O-O 11. Bg5 d4 12. Ne4 Bf5 13. Nfd2 {[%emt 0:00:42] Weiß hat minimalen Vorteil.} Rc8 14. Qd1 Re8 {[%emt 0:05:19][%cal Oe8e6] [#]} 15. Rc1 $1 Qe7 16. Re1 Ba5 17. Nxf6+ gxf6 18. Bf4 Ne5 {[%emt 0:19:01] Und jetzt ...Rxc1 wäre schön.} 19. Qa4 Bb6 20. Qb5 Bd7 21. Qd5 {[%emt 0:02:11] [#]} (21. Qb3 $11 {bleibt in der Remisbreite.}) 21... Bc6 (21... Rxc1 $1 $17 22. Rxc1 Bc6) 22. Qb3 $11 Kg7 23. Bxc6 (23. Bxe5 {vereinfacht} fxe5 24. Bxc6 bxc6 25. Nc4) 23... Nxc6 24. Qf3 (24. Qd5 {mit weiteren Verwicklungen.} Nb4 25. Qh5 Qe6 26. Nf3) 24... Qe6 {[%emt 0:02:53] Es drohte Qg4+} 25. a3 Bc7 26. Rc5 {[%emt 0:03:04] Schwarz muss nun Bxc7 beachten.} Ne5 27. Bxe5 (27. Qxb7 $2 Nd3 28. exd3 (28. Rc6 $2 Qh3 $19) 28... Qxe1+ 29. Kg2 Bxf4 $19) 27... Bxe5 28. Rxc8 Rxc8 29. Qd3 {[%emt 0:04:36] Es drohte Rc2} Qc6 30. Nb3 Qc2 31. Rc1 (31. Nxd4 $2 Qxd3 (31... Qxb2 $2 32. Nf5+ Kh8 33. Rb1 $18) 32. exd3 Bxd4 $19) 31... Qxd3 32. exd3 $14 {[%emt 0:00:05][%mdl 4096] Endspiel. KRB-KRN} Rd8 (32... Rxc1+ $14 33. Nxc1 f5) 33. f4 $16 Bd6 34. Kg2 b6 (34... f5 $16 35. Rc4 (35. Nxd4 Bxf4 36. Nxf5+ Kf6 $16) 35... Kf6 36. Nxd4 (36. Rxd4 Bc7 $16) 36... h5) 35. Rc4 (35. Nxd4 $18 h6 (35... Bxa3 $2 36. Nf5+ Kg6 37. Nh4+ Kg7 38. bxa3 $18) 36. Nc6) 35... Re8 (35... Bf8 $16 {war angesagt.} 36. a4 (36. Nxd4 Rd5 $16) (36. Rxd4 Rc8 $18) 36... f5) 36. Kf2 (36. Rxd4 Re2+ 37. Kf3 Rxb2 38. Rxd6 Rxb3 $14) 36... b5 (36... Kg6 {ist wohl besser.} 37. Nxd4 (37. Rxd4 Rd8 $18) 37... Bc5) 37. Rc6 $18 ({Auf keinen Fall} 37. Rxd4 Bf8 38. Rd7 Rc8 $18) 37... Bb8 (37... Be7 {war einen Versuch wert.} 38. Nxd4 b4) 38. Nxd4 Rd8 39. Ke3 {[%emt 0:00:12] Gewichteter Fehlerwert: Weiß=0.17 (sehr präzise) /Schwarz=0.27 (präzise) .  Fehler:       	Weiß=2     	Schwarz=6     Ungenau:       	Weiß=3     	Schwarz=4     OK:         	Weiß=9     	Schwarz=10    Bester:       	Weiß=1     	---} ({Keinesfalls} 39. Nxb5 Rd5 $18) 1-0

[Event "Reykjavik Open 2024"]
[Site "Reykjavik"]
[Date "2024.03.16"]
[Round "2.22"]
[White "Seemann, Jakub"]
[Black "Karamsetty, Jeevan"]
[Result "*"]
[ECO "D30"]
[WhiteElo "2451"]
[BlackElo "2187"]
[Annotator "RC"]
[PlyCount "35"]
[EventDate "2024.03.12"]
[EventCountry "ISL"]
[SourceTitle "playchess.com"]
[Source "ChessBase"]
[SourceQuality "1"]
[TimeControl "40/5400+30:1800+30"]

1. d4 d5 2. c4 e6 3. Nf3 c5 4. cxd5 exd5 5. g3 Nc6 6. Bg2 Nf6 7. O-O Be7 8. dxc5 Bxc5 9. Qc2 Bb6 10. Nc3 O-O 11. Bg5 d4 12. Ne4 Bf5 13. Nfd2 Rc8 14. Qd1 Re8 15. Rc1 Qe7 16. Re1 Ba5 17. Nxf6+ gxf6 18. Bf4 *

[Event "Reykjavik Open 2024"]
[Site "Reykjavik"]
[Date "2024.03.16"]
[Round "2.23"]
[White "Seemann, Jakub"]
[Black "Larkin, Vladyslav"]
[Result "1-0"]
[ECO "B07"]
[WhiteElo "2451"]
[BlackElo "2450"]
[Annotator "TA"]
[PlyCount "93"]
[EventDate "2024.03.12"]
[EventCountry "ISL"]
[SourceTitle "playchess.com"]
[Source "ChessBase"]
[SourceQuality "1"]
[TimeControl "40/5400+30:1800+30"]

1. e4 d6 2. d4 Nf6 3. Nc3 e5 4. Nge2 c6 5. a4 a5 6. g3 {[%emt 0:02:40] B07: Pirc Defence: Miscellaneous Systems.} Be7 7. Bg2 O-O 8. O-O Qc7 9. h3 Rd8 10. Be3 Nbd7 11. g4 Nf8 12. f4 $146 ({Predecessor:} 12. Ng3 g6 13. f4 exf4 14. Bxf4 Ne6 15. Be3 Nd7 16. Qd2 Rf8 17. Rf2 Qd8 18. Raf1 {1-0 Doric,N (2261)-Kolanovic,K (1857) Zadar op-B 25th 2018 (4)}) 12... exf4 13. Nxf4 h6 14. Qd2 N8h7 15. Nfe2 ({Better is} 15. Rae1 $16) 15... Rb8 16. Ng3 b5 17. axb5 cxb5 18. Nf5 (18. Bf4 $16) 18... b4 $14 19. Ne2 Bf8 20. Neg3 Re8 21. Bf4 Bxf5 22. gxf5 Rbc8 23. Rac1 (23. Rfc1 $16) 23... Qb6 24. Kh1 Nd7 25. Rce1 Rc4 (25... Be7 $11) 26. c3 Qc7 27. Rf3 bxc3 28. bxc3 Rc8 29. e5 Nb6 $2 (29... Rxc3 $2 30. Rxc3 Qxc3 31. e6 $18 (31. exd6 Qxd2 32. Bxd2 Nhf6 $15)) (29... dxe5 $16 {is a better chance.} 30. dxe5 Ng5) 30. Ne4 (30. f6 $142 g5 31. exd6) 30... dxe5 $18 31. dxe5 Rd8 32. Rd3 (32. e6 Rxd2 33. Bxc7 Rxg2 34. Bxb6 Ra2) 32... Rxd3 33. Qxd3 Qc8 (33... Ng5 $142) 34. Be3 $18 Na4 35. Bd4 Rc7 (35... Rc6 $142 36. Nd6 Bxd6 37. exd6 Rxd6) 36. Nd6 $18 Qd8 37. Nb5 Rc8 38. e6 fxe6 39. fxe6 Be7 40. Qg6 Qf8 41. Rf1 Nf6 42. Bxf6 Bxf6 43. Be4 Qd8 44. Nd6 Rxc3 45. Rxf6 Rc1+ 46. Kg2 Qxf6 47. Qe8+ $2 (47. Qxf6 {mates} gxf6 48. e7 Rc8 49. Nxc8 Kf7 50. Bd5+ Ke8 51. Bc6+ Kf7 52. e8=Q+ (52. e8=R Nc3 $18) 52... Kg7 53. Ne7 (53. Bxa4 f5 54. Qe7+ Kh8 55. Qf7 h5 56. Bb3 h4 57. Qg8#) 53... f5 54. Qg6+ Kh8 55. Qxh6#) 1-0

[Event "Reykjavik Open 2024"]
[Site "Reykjavik"]
[Date "2024.03.16"]
[Round "2.23"]
[White "Birkisson, Bardur Orn"]
[Black "Larkin, Vladyslav"]
[Result "*"]
[ECO "B07"]
[WhiteElo "2189"]
[BlackElo "2450"]
[Annotator "RC"]
[PlyCount "32"]
[EventDate "2024.03.12"]
[EventCountry "ISL"]
[SourceTitle "playchess.com"]
[Source "ChessBase"]
[SourceQuality "1"]
[TimeControl "40/5400+30:1800+30"]

1. e4 d6 2. d4 Nf6 3. Nc3 e5 4. Nge2 c6 5. a4 a5 6. g3 Be7 7. Bg2 O-O 8. O-O Qc7 9. h3 Rd8 10. Be3 Nbd7 11. g4 Nf8 12. f4 exf4 13. Nxf4 h6 14. Qd2 N8h7 15. Nfe2 Rb8 16. Ng3 b5 *

[Event "Reykjavik Open 2024"]
[Site "Reykjavik"]
[Date "2024.03.16"]
[Round "2.24"]
[White "Wadsworth, Matthew J"]
[Black "Loncke, Matthieu"]
[Result "1-0"]
[ECO "E62"]
[WhiteElo "2450"]
[BlackElo "2175"]
[Annotator "RC"]
[PlyCount "73"]
[EventDate "2024.03.12"]
[EventCountry "ISL"]
[SourceTitle "playchess.com"]
[Source "ChessBase"]
[SourceQuality "1"]
[TimeControl "40/5400+30:1800+30"]

1. Nf3 Nf6 2. g3 g6 3. Bg2 Bg7 4. c4 O-O 5. d4 d6 6. Nc3 Nc6 7. d5 Na5 8. b3 c6 9. Bb2 cxd5 10. cxd5 Bd7 11. O-O Rc8 12. Rc1 b5 13. Nd4 Qb6 14. Qd2 Rc7 15. Nb1 Rfc8 16. Rxc7 Rxc7 17. Bc3 Nb7 18. b4 Ng4 19. Nc6 Bxc6 20. dxc6 Nd8 21. Bxg7 Kxg7 22. Nc3 Nf6 23. g4 e6 24. Qxd6 Nxc6 25. Nxb5 Ne8 26. Qc5 Qxc5 27. bxc5 Rc8 28. Rc1 Kf8 29. Bxc6 Rxc6 30. Nxa7 Ra6 31. Nb5 Rxa2 32. c6 Ra5 33. c7 Nxc7 34. Nxc7 Ke7 35. Rb1 Ra7 36. Nb5 Rb7 37. g5 1-0

[Event "Reykjavik Open 2024"]
[Site "Reykjavik"]
[Date "2024.03.16"]
[Round "2.25"]
[White "Hill, Alistair"]
[Black "Mammadzada, Gunay"]
[Result "0-1"]
[ECO "B90"]
[WhiteElo "2187"]
[BlackElo "2449"]
[Annotator "TA"]
[PlyCount "96"]
[EventDate "2024.03.12"]
[EventCountry "ISL"]
[SourceTitle "playchess.com"]
[Source "ChessBase"]
[SourceQuality "1"]
[TimeControl "40/5400+30:1800+30"]

1. e4 c5 2. Nf3 d6 3. d4 cxd4 4. Nxd4 Nf6 5. Nc3 a6 6. Rg1 h5 7. Be3 e5 8. Nf3 Qc7 {[%emt 0:07:24] Inhibits Bc4. The position is equal.} 9. Qd2 Be7 10. O-O-O b5 11. Ng5 Bb7 12. Kb1 Nbd7 13. f3 Nb6 14. Qf2 Nc4 15. Bxc4 Qxc4 16. Rd3 a5 17. Bc1 (17. g4 $11) 17... b4 $15 18. Nd1 Nd7 (18... a4 $17) 19. Nh3 Nc5 20. Rd2 g6 21. Ne3 Qb5 22. Nd5 Bd8 {[%emt 0:00:24] Dodges Nc7+} 23. Rgd1 Rc8 24. Qe2 Qxe2 25. Rxe2 Ba6 26. Ree1 f6 27. Be3 Kf7 (27... Rc6 {simplifies} 28. Bxc5 dxc5 29. c3 Kf7) 28. Nf2 Ke6 29. Nd3 Nd7 (29... Nxd3 {simplifies} 30. cxd3 Bb7 31. Nb6 Rb8) 30. Nc1 Rb8 31. Rd2 Bb7 32. Red1 Bxd5 33. Rxd5 Bc7 34. Nb3 Ra8 35. Nd2 Ra6 36. Nc4 Rb8 37. Bd2 a4 38. b3 f5 {[%emt 0:00:31] ...Nf6 would now be deadly.} 39. Nb2 (39. Rd3 $1 $15) 39... axb3 40. cxb3 {[%emt 0:00:10] [#]} fxe4 41. fxe4 Nf6 42. Rc1 (42. Nd3 {is a better defense.} Nxe4 (42... Nxd5 43. exd5+ Kd7 44. Nxb4 $17) 43. Be1) 42... Nxd5 $19 43. exd5+ Kd7 $1 44. Rf1 Ra5 45. Rf7+ Kc8 46. Be3 Rxd5 47. Nc4 Rd3 48. Ba7 Rb7 {[%emt 0:00:25] Weighted Error Value: White=0.24 (precise) /Black=0.08 (flawless) .  Mistake:       	White=3     	Black=1      Inaccurate:     	White=5     	Black=3      OK:         	White=13    	Black=22     Best:        	White=1     	Black=1      Strong:       	---       	Black=1} 0-1

[Event "Reykjavik Open 2024"]
[Site "Reykjavik"]
[Date "2024.03.16"]
[Round "2.26"]
[White "Chasin, Nico"]
[Black "Mardell, Jimmy"]
[Result "1-0"]
[ECO "D12"]
[WhiteElo "2447"]
[BlackElo "2172"]
[Annotator "TA"]
[PlyCount "93"]
[EventDate "2024.03.12"]
[EventCountry "ISL"]
[SourceTitle "playchess.com"]
[Source "ChessBase"]
[SourceQuality "1"]
[TimeControl "40/5400+30:1800+30"]

1. d4 d5 2. c4 c6 3. Nf3 Nf6 4. e3 Bf5 5. Nc3 e6 6. Nh4 Be4 7. f3 Bg6 8. Qb3 Qc7 9. Bd2 a5 10. cxd5 Nxd5 11. Rc1 {[%emt 0:04:38] White is slightly better.} Be7 12. Nxg6 hxg6 13. Nxd5 (13. g3 $14) 13... exd5 $11 14. f4 Bh4+ 15. Kd1 (15. Ke2 $11) 15... Qe7 (15... Bd8 $15) 16. Bd3 O-O ({Black should play} 16... a4 $11 17. Qa3 Qe6) 17. g3 $14 Bf6 18. h4 $1 Na6 19. a3 {[%emt 0:02:47][%cal Oh4h5] White is more active.} (19. Bxa5 $2 Qxe3 20. Bb6 Rfe8 $19 (20... Qxg3 $2 21. Kc2 $19) (20... Bxd4 $2 21. Bxd4 Qxd4 22. Qc3 $19)) 19... c5 $2 (19... Qd7 $14) 20. Bxa6 $2 (20. Bxa5 $2 c4 (20... Qxe3 $2 21. h5 $19) 21. Bxc4 dxc4 22. Rxc4 Qe4 $19) (20. Qxd5 $18 {Strongly threatening Qf3.} cxd4 21. e4 (21. exd4 Rad8 $15) (21. Bxa5 Qxe3 22. Bxg6 Qxg3 $17) (21. Bxg6 $2 Rad8 $19)) 20... Qe4 (20... bxa6 $11 21. Rxc5 (21. Bxa5 $2 {too greedy.} Qe4 $19) 21... Rab8 22. Qxd5 Rfd8) 21. Rf1 ({Better is} 21. Re1 $14 bxa6 22. Rxc5) 21... bxa6 22. Rxc5 Rfd8 23. Rf2 (23. Bxa5 $2 {perishes.} Bxd4 24. Bxd8 Bxc5 $19) ({Much worse is} 23. Rxa5 Rab8 24. Qc2 Qg2 $15) 23... Rab8 24. Qc2 Qh1+ 25. Be1 Re8 26. Qd3 a4 27. Rc3 {[%emt 0:03:48] Inhibits Rb3.} Re4 28. Qf1 Qxf1 29. Rxf1 Rxb2 30. Bd2 Be7 {[%emt 0:01:05] Inhibits Rc5.} 31. Ke2 Re6 32. Rfc1 {[%emt 0:00:48] [#] Rc8+ would now be deadly.} Rb8 (32... Kh7 $11 {keeps the balance.}) 33. Rc8+ $16 Rxc8 34. Rxc8+ {[%emt 0:00:02][%mdl 4096] Endgame. KRB-KRB} Kh7 35. Bc1 Rb6 (35... f6 $16) 36. Rc7 $18 Bd6 (36... Bf8 {keeps fighting.}) 37. Rxf7 Rb3 38. Rd7 Bxa3 (38... Rb6 39. Kd3 Kh6) 39. Bxa3 Rxa3 40. Rxd5 {[%emt 0:00:08] KR-KR} Ra2+ 41. Kf3 a3 42. Ra5 Ra1 43. Rxa6 a2 44. Kg4 Re1 45. Rxa2 {[%emt 0:00:00] [#] Hoping for d5.} Rxe3 46. Rd2 {[%emt 0:00:00] White wants to mate with d5.} Kg8 47. d5 {[%emt 0:00:00] Weighted Error Value: White=0.26 (precise) /Black=0.49.  Loses game:     	---       	Black=1      Missed win:     	White=1     	---        Mistake:       	White=3     	Black=7      Inaccurate:     	White=3     	Black=3      OK:         	White=9     	Black=9      Best:        	White=6     	Black=2      Strong:       	White=1     	---} 1-0

[Event "Reykjavik Open 2024"]
[Site "Reykjavik"]
[Date "2024.03.16"]
[Round "2.27"]
[White "Mannion, Stephen R"]
[Black "Nevednichy, Vladislav"]
[Result "0-1"]
[ECO "B67"]
[WhiteElo "2166"]
[BlackElo "2445"]
[Annotator "TA"]
[PlyCount "120"]
[EventDate "2024.03.12"]
[EventCountry "ISL"]
[SourceTitle "playchess.com"]
[Source "ChessBase"]
[SourceQuality "1"]
[TimeControl "40/5400+30:1800+30"]

1. e4 c5 2. Nf3 d6 3. d4 cxd4 4. Nxd4 Nf6 5. Nc3 Nc6 6. Bg5 e6 7. Qd2 a6 8. O-O-O Bd7 9. Kb1 Nxd4 {[%emt 0:00:43] B67: Sicilian: Richter-Rauzer: 7...a6 8 0-0-0 Bd7, lines without 9 f4 Be7.} 10. Qxd4 Be7 11. f3 Qc7 12. Qd2 {[%emt 0:04:06] 12.Qd2 scores better than 12.h4.} b5 13. g4 h5 14. gxh5 Nxh5 15. h4 f6 $146 (15... b4 $11 {remains equal.} 16. Ne2 a5) ({Predecessor:} 15... b4 16. Ne2 a5 17. c3 Rb8 18. cxb4 axb4 19. Nc1 e5 20. Rh2 Be6 21. Bh3 Bxh3 22. Rxh3 {0-1 Moussard,J (2670)-Bacrot,E (2648) FRA-ch 95th Albi 2022 (4.5)}) 16. Be3 $16 Ng3 17. Rg1 Nxf1 18. Rdxf1 Bf8 19. Bf2 a5 20. Ne2 Kf7 21. Nf4 Rh6 (21... Rc8 $14) 22. h5 $18 Rc8 23. Rc1 a4 24. Be3 (24. a3 $16) 24... a3 $1 $11 25. b3 (25. c3 $11) 25... Qc3 $15 26. Qxc3 Rxc3 27. Rce1 {[%emt 0:01:44] [#]} Rh7 (27... d5 $1 $17 {[%cal Oc3e3] ...Rxe3! is the strong threat.} 28. Rgf1 (28. exd5 e5 $17) 28... dxe4 29. fxe4 Rc8) 28. Rh1 d5 29. exd5 e5 30. Nd3 Bf5 31. Bd2 Rc8 32. Rh4 Bd6 33. Bb4 Bxd3 34. Bxd6 (34. cxd3 Bxb4 35. Rxb4 Rc5 $19 (35... Rxh5 36. Rxb5 Rh2 37. Ra5 $11)) 34... Bxc2+ 35. Ka1 Rd8 36. Bxa3 Rxd5 37. Rc1 Bf5 38. Bb4 Bd7 39. Kb2 Ke6 40. Rch1 Bc6 41. Kc3 (41. R1h2 $15) 41... Rd8 $17 42. R1h3 {[%emt 0:08:00] [#]} Rdh8 $1 43. f4 exf4 (43... Kf5 $142 44. Bd6 (44. fxe5 g5 $17) 44... g5 45. fxg5 fxg5) 44. Rxf4 $17 Rxh5 45. Rd3 Rh3 46. Rfd4 Rxd3+ 47. Rxd3 Be4 48. Rd6+ Ke5 49. Rb6 Rc8+ 50. Kb2 (50. Kd2 $142) 50... Bc6 ({Black should try} 50... Rc2+ 51. Ka3 Bc6) 51. Ra6 (51. Bc3+ $17 {keeps fighting.} Kf5 52. a3) 51... g5 $19 52. a4 (52. Bc3+ $142 Kf5 53. a4) 52... f5 $19 53. axb5 Bxb5 54. Rg6 (54. Ra5 $142 Rb8 55. Ra3) 54... g4 $19 55. Bc3+ Ke4 56. b4 Kf3 57. Bd4 f4 58. Rg5 Rc4 59. Rxb5 Rxd4 60. Kc3 Rd1 0-1

[Event "Reykjavik Open 2024"]
[Site "Reykjavik"]
[Date "2024.03.16"]
[Round "2.28"]
[White "Injac, Teodora"]
[Black "Morin, Yves"]
[Result "1-0"]
[ECO "A41"]
[WhiteElo "2434"]
[BlackElo "2166"]
[Annotator "TA"]
[PlyCount "59"]
[EventDate "2024.03.12"]
[EventCountry "ISL"]
[SourceTitle "playchess.com"]
[Source "ChessBase"]
[SourceQuality "1"]
[TimeControl "40/5400+30:1800+30"]

1. Nf3 d6 2. d4 Bg4 3. c4 Bxf3 4. exf3 g6 5. h4 Nf6 6. Nc3 Bg7 7. g4 {[%emt 0:04:06] White is more active.} Nc6 (7... h5 $14) 8. d5 $16 {[%emt 0:03:55] White is clearly better.} Ne5 9. h5 {[%emt 0:02:43] h6 would now be deadly.} Rf8 (9... O-O $16 10. h6 Bh8) 10. Be2 c6 11. f4 Ned7 12. hxg6 hxg6 13. g5 Ng8 (13... Nh5 $16 {is a better defense.}) 14. Be3 Bxc3+ 15. bxc3 c5 16. f5 gxf5 17. Rb1 Qc7 (17... Qa5 $16 18. Bf4 (18. Rxb7 Nb6 $14) 18... Qxc3+ 19. Bd2 Qa3 20. Rxb7 Nb6) 18. Qc2 (18. Qd3 $18) 18... O-O-O (18... e5 $1 $14) 19. Qxf5 $18 Kb8 {[%emt 0:00:21][%cal Bc8b8,Bb8c7,Bc7b6,Bb6a5][%mdl 32] [#]} 20. Rh7 $1 Ne5 21. f4 Qd7 22. Qxd7 Nxd7 23. Kd2 {[%emt 0:01:15] Black is weak on the light squares} Kc7 24. Rbh1 a6 25. Bd3 Rb8 26. a4 Kb6 27. Rg7 Ka5 28. Kc2 Nb6 29. Rhh7 f6 30. g6 {[%emt 0:03:32] Weighted Error Value: White=0.16 (very precise) /Black=0.33.  Mistake:       	White=1     	Black=5      Inaccurate:     	White=1     	Black=2      OK:         	White=11    	Black=7      Best:        	White=1     	---} 1-0